 Dungeon Crawl Stone Soup version 0.31.0-11-ge490571c62 (webtiles) character file.

Game seed: 9967589985197919434

2081 Arctor the Magician (level 9, -1/45 HPs)
             Began as a Deep Elf Fire Elementalist on Feb 3, 2024.
             Slain by a killer bee (5 damage)
             ... on level 7 of the Dungeon.
             The game lasted 00:05:57 (8463 turns).

Arctor the Magician (Deep Elf Fire Elementalist)    Turns: 8463, Time: 00:05:58

Health: -1/45      AC:  3    Str:  5    XL:     9   Next: 6%
Magic:  24/31      EV: 15    Int: 25    God:
Gold:   73         SH:  0    Dex: 15    Spells: 20/23 levels left

rFire   . . .        (no weapon)
rCold   . . .        (no shield)
rNeg    + . .        a - +1 robe
rPois   .            (no helmet)
rElec   .            (no cloak)
rCorr   .            (no gloves)
SInv    .            (no boots)
Will    .....        (no amulet)
Stlth   ++++         r - ring of positive energy
HPRegen 0.27/turn    v - ring of magical power
MPRegen 0.22/turn

%: no passive effects
@: lethally poisoned (-1 -> -5)
A: no striking features
a: no special abilities


You were on level 7 of the Dungeon.
You visited 1 branch of the dungeon, and saw 7 of its levels.

You collected 293 gold pieces.
You spent 220 gold pieces at shops.

Inventory:

Missiles
 w - a throwing net
Armour
 a - a +1 robe (worn)
Jewellery
 r - a ring of positive energy (left hand)
 v - a ring of magical power (right hand)
Wands
 l - a wand of paralysis (13)
 m - a wand of iceblast (3)
 p - a wand of acid (6)
 s - a wand of mindburst (11)
Scrolls
 c - a scroll of enchant armour
 d - a scroll of fog
 i - 4 scrolls of teleportation
 j - a scroll of noise
 k - a scroll of vulnerability
 o - 2 scrolls of fear
 q - a scroll of enchant weapon
 t - a scroll of immolation
Potions
 b - 2 potions of invisibility {unknown}
 e - 2 potions of curing
 f - 2 potions of mutation {unknown}
 g - a potion of cancellation {unknown}
 h - a potion of berserk rage {unknown}
 n - a potion of resistance {unknown}
 u - a potion of magic


   Skills:
 + Level 6.8 Dodging
 + Level 7.3 Stealth
 + Level 7.6 Spellcasting
 + Level 5.7 Conjurations
 + Level 6.6 Fire Magic


You had 20 spell levels left.
You knew the following spells:

 Your Spells              Type           Power      Damage    Failure   Level
a - Foxfire               Conj/Fire      100%       2x1d9     1%          1
b - Scorch                Fire           84%        2d8       1%          2

Your spell library contained the following spells:

 Spells                   Type           Power      Damage    Failure   Level
 Kiss of Death            Conj/Necr      92%        2d12      1%          1
 Sting                    Conj/Alch      92%        1d8       1%          1
 Inner Flame              Hex/Fire       26%        N/A       4%          3
 Volatile Blastmotes      Fire/Tloc      52%        2d14      4%          3
 Flame Wave               Conj/Fire      40%        2d11      4%          4
 Apportation              Tloc           18%        N/A       6%          1
 Necrotise                Necr           36%        1d5       6%          1
 Summon Small Mammal      Summ           36%        N/A       6%          1
 Confusing Touch          Hex            9%         N/A       19%         3
 Dispel Undead            Necr           9%         3d8       54%         4


Dungeon Overview and Level Annotations

Branches:
Dungeon (7/15)
 Temple: D:4-7

Altars:
Fedhas
Gozag
Makhleb
Qazlal
Zin

Shops:
D:6 !=[

Annotations:
D:5 3 runed translucent doors, DeathSocks's ghost, amateur MiMo


Message History

You conjure some foxfire!
The foxfire hits the killer bee.
You kill the killer bee!
The foxfire hits the killer bee.
The killer bee is moderately wounded.
The killer bee misses you.
The foxfire hits the killer bee.
The killer bee is heavily wounded.
The foxfire hits the killer bee!
The killer bee is almost dead.
The foxfire hits the killer bee.
You kill the killer bee!
The killer bee misses you. The killer bee closely misses you.
A killer bee comes into view.
Unknown command.
Casting: Foxfire (safe; 1% risk of failure)
Confirm with . or Enter, or press ? or * to list all spells.
Flames lash the killer bee.
The killer bee is moderately wounded.
The killer bee's fire resistance burns away.
The killer bee closely misses you. x2; The killer bee stings you!
The killer bee stings you.
You conjure some foxfire!
The killer bee stings you.
You are poisoned.
The killer bee poisons you! The killer bee closely misses you.
The killer bee barely misses you. The killer bee stings you!
The killer bee closely misses you. The killer bee stings you.
Casting: Foxfire (safe; 1% risk of failure)
Confirm with . or Enter, or press ? or * to list all spells.
Flames lash the killer bee.
The killer bee is almost dead.
The killer bee's fire resistance burns away.
You feel sick.
The foxfire hits the killer bee!
The killer bee is burned terribly!
The killer bee is severely wounded.
The foxfire hits the killer bee.
The killer bee is severely wounded.
The killer bee barely misses you. The killer bee stings you!
* * * LOW HITPOINT WARNING * * *
The killer bee stings you.
You die...

##.# # #..# ##.
##.. ##..##..#
# #....#..# .#
#....<.# .##
#...#...##...#
...
###ยง.....## #
#@y......
......yy.....##
.#.....y.....#
...............
..#####+#######
.


You could see 4 killer bees.

Vanquished Creatures
  Grinder (D:4)
  Menkaure (D:4)
  Duvessa (D:4)
  A water moccasin (D:5)
  An ice beast (D:5)
  An orc warrior (D:6)
  A sky beast (D:5)
  A phantom (D:6)
  A bullfrog (D:6)
  3 scorpions
  Dowan (D:4)
  2 killer bees (D:7)
  A howler monkey (D:4)
  4 bombardier beetles
  3 hounds
  2 jellies
  6 iguanas
  5 orc wizards
  A sleepcap (D:6)
  8 adders
  3 gnolls (D:6)
  A white imp (D:6)
  3 dart slugs
  2 ribbon worms
  14 orcs
  6 ball pythons
  6 bats
  5 endoplasms
  6 giant cockroaches
  4 hobgoblins
  9 quokkas
  2 frilled lizards
  6 goblins
  4 kobolds
  5 rats
121 creatures vanquished.

Vanquished Creatures (others)
  739 foxfires
739 creatures vanquished.

Grand Total: 860 creatures vanquished

Notes
Turn   | Place    | Note
-------+----------+-------------------------------------------
     0 | D:1      | Arctor the Deep Elf Fire Elementalist began the quest for
                  | the Orb.
     0 | D:1      | Reached XP level 1. HP: 10/10 MP: 6/6
   316 | D:1      | Reached XP level 2. HP: 15/15 MP: 0/8
   320 | D:1      | Learned a level 2 spell: Scorch
  1407 | D:2      | Found an opulent altar of Gozag.
  1413 | D:2      | Reached XP level 3. HP: 19/19 MP: 5/9
  2903 | D:3      | Reached XP level 4. HP: 17/24 MP: 6/11
  3539 | D:3      | Reached XP level 5. HP: 28/28 MP: 3/13
  4051 | D:4      | Noticed Duvessa
  4055 | D:4      | Noticed Dowan
  4066 | D:4      | Killed Duvessa
  4067 | D:4      | Reached XP level 6. HP: 17/32 MP: 11/15
  4070 | D:4      | Killed Dowan
  4188 | D:4      | Reached skill level 5 in Spellcasting
  4236 | D:4      | Noticed Menkaure
  4244 | D:4      | Killed Menkaure
  4245 | D:4      | Reached XP level 7. HP: 20/36 MP: 10/16
  4378 | D:4      | Reached skill level 5 in Stealth
  4378 | D:4      | Reached skill level 5 in Fire Magic
  4739 | D:4      | Noticed Grinder
  4936 | D:4      | Killed Grinder
  4937 | D:4      | Reached skill level 5 in Dodging
  5853 | D:5      | Entered Level 5 of the Dungeon
  6107 | D:5      | Reached XP level 8. HP: 41/41 MP: 12/19
  6773 | D:5      | Found a stormy altar of Qazlal.
  6780 | D:5      | Reached skill level 5 in Conjurations
  6934 | D:5      | Found a runed translucent gate.
  6934 | D:5      | Found a runed translucent gate.
  6941 | D:5      | Found a runed translucent gate.
  6954 | D:5      | Noticed DeathSocks's ghost (amateur MiMo)
  7413 | D:6      | Found Eprur's Antique Armour Shoppe.
  7565 | D:6      | Found Tinimus's Jewellery Shoppe.
  7566 | D:6      | Found Cylerher's Distillery.
  7573 | D:6      | Bought a ring of magical power for 220 gold pieces
  7739 | D:6      | Found a glowing silver altar of Zin.
  8153 | D:6      | Reached XP level 9. HP: 45/45 MP: 16/22
  8219 | D:6      | Found a burning altar of Makhleb.
  8307 | D:6      | Found a blossoming altar of Fedhas.
  8463 | D:7      | Slain by a killer bee

Illustrated notes

Levels and vault maps discovered:
D:1:      dpeg_arrival_signposts, layout_rooms, minmay_misc_feat_iff,
          minivault_5
D:2:      layout_basic, basic_altar, st_stairs_1
D:3:      layout_loops_ring, grunt_ministairs_2, minmay_fountain_box,
          grunt_decor_clamped
D:4:      layout_loops_ring, uniq_grinder, uniq_menkaure, uniq_duvessa
D:5:      layout_basic, nicolae_qazlal_beasts_of_the_sky,
          gammafunk_ghost_necromancy
D:6:      layout_loops_ring, mainiacjoe_overflow_two_lobes, zin_treasury,
          nicolae_shop_distant_corner_stores
D:7:      layout_cave_pools, jmf_multi_god_temple,
          minmay_temple_entry_steel_oval, minmay_the_grid_2x2
          [minmay_the_grid_doors, minmay_the_grid_gridbox,
          minmay_the_grid_plusring, minmay_the_grid_prize_shrinking_boxes]

Skill      XL: |  1  2  3  4  5  6  7  8 |
---------------+-------------------------+-----
Stealth        | 3 4 5 7 |  7.3
Dodging        | 3 4 5 6 |  6.8
Conjurations   | 2 3 4 5 |  5.7
Spellcasting   | 4 5 6 7 |  7.6
Fire Magic     | 4 5 6 |  6.6

Action                     |  1- 3 |  4- 6 |  7- 9 || total
---------------------------+-------+-------+-------++-------
   Cast: Foxfire           |   156 |    88 |   208 ||   452
         Scorch            |       |    11 |    66 ||    77
    Use: Potion            |       |     2 |       ||     2
         Scroll            |       |       |    10 ||    10
 Armour: Robe              |     7 |     6 |    23 ||    36
  Dodge: Dodged            |     7 |     6 |    40 ||    53
